AoeStats
← Huitzilopochtli

Black Forest

509247821Analyzed
3v3 RM · 7d ago on Sep 26, 2026· 103m 53s· 6 players
Game mode
Random Map
Map size
Normal (6 player)
Population
200
Speed
Normal
Resources
Standard
Victory
Conquest
Starting age
Dark Age
Ending age
Imperial Age
RankedLock teamsTeams togetherTeam positionsShared explorationLock speedFull tech treeHidden civsTurbo modeCheats
Victory
Defeat
🇺🇸 Byzantines · United States
794
+12
🇺🇸 Mongols · United States
746
+13
🇺🇸 Celts · United States
710
+15
🇺🇸 Persians · United States
800
-44
🇺🇸 Britons · United States
636
-15
🇺🇸 Turks · United States
635
-15
Jazzbum
11:19 Feudal Age
17:39 Castle Age
21:38 Gold Mining
21:36 Double-Bit Axe
22:22 Caravan
23:50 Bow Saw
24:17 Gold Shaft Mining
31:23 Imperial Age
30:19 Horse Collar
33:56 Two-Man Saw
32:49 Stone Mining
35:27 Heavy Camel Rider
36:36 Heavy Plow
41:22 Elite Janissary
42:04 Artillery
42:25 Conscription
49:44 Bombard Tower
49:47 Ballistics
49:56 Padded Archer Armor
50:09 Forging
50:04 Scale Barding Armor
50:29 Bloodlines
50:22 Husbandry
51:18 Leather Archer Armor
51:09 Capped Ram
56:58 Iron Casting
56:43 Chain Barding Armor
56:54 Ring Archer Armor
72:26 Blast Furnace
72:02 Plate Barding Armor
BigCozy101
2:25 Loom
16:26 Feudal Age
16:52 Man-at-Arms
17:24 Horse Collar
23:01 Double-Bit Axe
26:52 Castle Age
25:31 Gold Mining
27:34 Stone Mining
27:50 Padded Archer Armor
27:40 Fletching
27:55 Scale Mail Armor
28:03 Squires
28:24 Crossbowman
30:48 Wheelbarrow
29:58 Town Watch
30:45 Heavy Plow
33:24 Kamandaran
33:48 Leather Archer Armor
35:33 Thumb Ring
40:42 Imperial Age
39:09 Town Patrol
41:06 Hand Cart
42:12 Onager
42:13 Capped Ram
43:46 Ring Archer Armor
43:12 Bodkin Arrow
45:13 Elite War Elephant
47:06 Long Swordsman
47:31 Gambesons
49:53 Light Cavalry
51:32 Forging
50:48 Pikeman
52:20 Bloodlines
52:11 Husbandry
52:51 Hussar
57:32 Scale Barding Armor
65:06 Chain Barding Armor
65:39 Iron Casting
76:22 Siege Ram
79:20 Ballistics
84:16 Bow Saw
88:19 Elite Skirmisher
Gack13579
3:10 Loom
14:05 Feudal Age
14:31 Double-Bit Axe
15:42 Horse Collar
19:13 Fletching
24:32 Castle Age
26:19 Bow Saw
26:12 Heavy Plow
25:46 Crossbowman
30:37 Stone Mining
34:36 Bodkin Arrow
34:42 Padded Archer Armor
36:42 Fortified Wall
41:39 Imperial Age
42:02 Ballistics
42:00 Leather Archer Armor
41:58 Elite Longbowman
45:06 Warwolf
47:05 Pikeman
49:08 Halberdier
54:10 Bracer
54:41 Ring Archer Armor
55:17 Chemistry
54:42 Forging
54:35 Scale Mail Armor
63:04 Arbalester
77:38 Conscription
Huitzilopochtli
4:34 Loom
14:48 Feudal Age
15:05 Man-at-Arms
16:37 Double-Bit Axe
22:03 Castle Age
20:04 Horse Collar
20:35 Scale Mail Armor
21:13 Arson
24:50 Caravan
25:49 Bow Saw
26:38 Heavy Plow
29:39 Forging
29:35 Scale Barding Armor
31:37 Gold Mining
32:43 Wheelbarrow
31:54 Town Watch
33:45 Coinage
34:22 Hand Cart
33:41 Elite Skirmisher
38:26 Imperial Age
36:11 Fortified Wall
38:19 Murder Holes
38:16 Guard Tower
39:21 Gold Shaft Mining
38:37 Stone Mining
39:13 Chain Barding Armor
39:08 Chain Mail Armor
39:30 Conscription
40:57 Hoardings
41:11 Banking
41:34 Elite Mangudai
42:36 Drill
43:42 Masonry
43:53 Ballistics
44:34 Chemistry
44:12 Iron Casting
43:38 Padded Archer Armor
45:40 Thumb Ring
46:01 Parthian Tactics
46:31 Bloodlines
46:22 Husbandry
46:03 Cavalier
47:57 Blast Furnace
48:37 Siege Engineers
50:38 Nomads
50:08 Crossbowman
51:24 Plate Mail Armor
50:49 Fletching
51:16 Leather Archer Armor
53:37 Elite Steppe Lancer
57:31 Sappers
61:01 Heavy Camel Rider
63:05 Arbalester
63:35 Pikeman
64:15 Squires
75:14 Town Patrol
76:49 Bodkin Arrow
89:47 Capped Ram
91:07 Long Swordsman
92:37 Two-Handed Swordsman
95:59 Champion
100:02 Heavy Cavalry Archer
103:58 Heresy
103:40 Devotion
103:35 Herbal Medicine
Big Matthew
0:27 Loom
14:30 Feudal Age
21:55 Castle Age
23:09 Double-Bit Axe
23:12 Horse Collar
26:26 Forging
26:34 Elite Skirmisher
33:08 Imperial Age
30:50 Stone Mining
32:12 Wheelbarrow
33:19 Treadmill Crane
35:49 Husbandry
36:01 Scale Mail Armor
36:06 Scale Barding Armor
36:26 Ballistics
36:51 Light Cavalry
38:08 Iron Casting
38:20 Caravan
38:47 Conscription
39:46 Logistica
41:24 Hoardings
41:18 Chain Mail Armor
41:08 Scale Barding Armor
40:53 Fletching
41:03 Padded Archer Armor
41:22 Crossbowman
42:29 Hand Cart
42:21 Heavy Plow
42:26 Fishing Lines
42:19 Cavalier
43:17 Bodkin Arrow
43:45 Thumb Ring
46:17 Gold Mining
46:45 Paladin
48:49 Elite Cataphract
54:25 Bow Saw
55:20 Chemistry
54:16 Murder Holes
54:31 Fortified Wall
56:07 Plate Mail Armor
55:42 Scale Barding Armor
55:38 Padded Archer Armor
55:39 Bracer
61:14 Leather Archer Armor
61:20 Chain Barding Armor
61:49 Pikeman
62:30 Squires
61:51 Elite Varangian Guard
62:16 Arson
63:08 Halberdier
69:16 Heavy Camel Rider
71:39 Plate Barding Armor
71:35 Ring Archer Armor
74:50 Coinage
81:14 Hussar
82:35 Man-at-Arms
83:01 Gambesons
85:19 Banking
85:10 Long Swordsman
87:31 Two-Man Saw
94:33 Bombard Tower
Pope Sixtus VII
5:58 Loom
14:25 Feudal Age
14:28 Man-at-Arms
20:07 Wheelbarrow
21:36 Forging
21:32 Scale Barding Armor
22:07 Double-Bit Axe
26:40 Castle Age
25:46 Stone Mining
25:47 Gold Mining
26:46 Long Swordsman
27:12 Gambesons
27:12 Arson
30:24 Bow Saw
37:05 Imperial Age
34:49 Scale Mail Armor
35:25 Iron Casting
38:35 Hand Cart
38:22 Two-Handed Swordsman
40:33 Elite Woad Raider
41:38 Conscription
41:33 Caravan
42:48 Horse Collar
43:17 Heavy Scorpion
44:26 Champion
47:56 Heavy Plow
49:02 Blast Furnace
48:18 Chain Mail Armor
48:40 Furor Celtica
49:42 Pikeman
50:37 Halberdier
54:32 Siege Engineers
55:35 Chemistry
54:58 Ballistics
56:29 Hoardings
63:23 Plate Mail Armor
71:43 Onager
72:48 Siege Onager
77:21 Masonry
77:08 Murder Holes
77:27 Fortified Wall
Connection lost

Rejoining the realm…

Still unreachable

The connection could not be restored.

Session expired

The server has moved on; the page needs a fresh start.